 Dungeon Crawl Stone Soup version 0.21-a0-153-g78480df (webtiles) character file.

5104 bfg the Cleaver (level 10, -8/93 HPs)
             Began as a Hill Orc Fighter on Aug 1, 2017.
             Was a Believer of Qazlal.
             Mangled by Urug
             ... wielding a +2 scimitar of electrocution
              (21 damage)
             ... on level 10 of the Dungeon.
             The game lasted 00:11:55 (9489 turns).

bfg the Cleaver (Hill Orc Fighter)                  Turns: 9489, Time: 00:11:56

Health: -8/93      AC: 15    Str: 24    XL:     10   Next: 57%
Magic:  15/15      EV:  7    Int:  8    God:    Qazlal [**....]
Gold:   277        SH:  9    Dex: 13    Spells: 9/9 levels left

rFire    . . .     SeeInvis .   L - +0 hand axe (elec)
rCold    . . .     Gourm    .   (no shield)
rNeg     . . .     Faith    .   x - +0 plate armour
rPois    .         Spirit   .   (no helmet)
rElec    .         Reflect  +   q - +0 cloak
rCorr    .         Harm     .   (no gloves)
MR       .....                  (no boots)
Stlth    ..........             u - +6 amulet of reflection
HPRegen  0.25/turn              F - +4 ring of strength
MPRegen  0.14/turn              A - ring of wizardry

@: no status effects
A: no striking features
a: Upheaval, Renounce Religion


You were on level 10 of the Dungeon.
You worshipped Qazlal.
Qazlal was pleased with you.
You were hungry.

You visited 1 branch of the dungeon, and saw 10 of its levels.

You collected 361 gold pieces.
You spent 84 gold pieces at shops.

Inventory:

Hand Weapons
 a - a +0 war axe
 r - a +3 hand axe
 v - a +0 hand axe
 G - a +0 arbalest
 L - a +0 hand axe of electrocution (weapon)
Missiles
 h - 341 stones
 p - 2 throwing nets (quivered)
Armour
 b - a +0 scale mail
 c - a +0 shield
 j - a +0 scale mail
 q - a +0 cloak (worn)
 x - a +0 plate armour (worn)
 C - the +2 robe of Paranoia {MR+ Str+3}
   (You found it on level 5 of the Dungeon)

   It affects your strength (+3).
   It affects your resistance to hostile enchantments.
Jewellery
 k - an uncursed ring of stealth
 u - a +6 amulet of reflection (around neck)
 A - a ring of wizardry (right hand)
 F - a +4 ring of strength (left hand)
 R - a cursed ring of teleportation
Wands
 t - a wand of digging (15/24)
 y - a wand of polymorph (5/24)
 z - a wand of acid (0/15)
 H - a wand of disintegration (10/24)
 I - a wand of confusion (20/48)
 J - a wand of scattershot (4/9)
 T - a wand of flame (20/48)
Scrolls
 g - 2 scrolls of blinking
 m - 3 scrolls of immolation
 o - 4 scrolls of remove curse
 O - a scroll of teleportation {unknown}
 P - a scroll of magic mapping
Potions
 d - 2 potions of might
 n - a potion of haste
 s - 2 potions of curing
 w - a potion of flight
 B - a potion of lignification
 E - a potion of invisibility
 K - 7 potions of degeneration
 M - a potion of heal wounds
 N - a potion of agility
 U - 2 potions of ambrosia
Books
 e - a book of Party Tricks

   Spells                             Type                      Level
   a - Summon Butterflies             Summoning                    1
   b - Apportation                    Translocation                1
   c - Lesser Beckoning               Translocation                3
   d - Tukima's Dance                 Hexes                        3
   e - Alistair's Intoxication        Transmutation/Poison         5
   f - Invisibility                   Hexes                        6
 S - a book of Necromancy

   Spells                             Type                      Level
   a - Pain                           Necromancy                   1
   b - Animate Skeleton               Necromancy                   1
   c - Vampiric Draining              Necromancy                   3
   d - Regeneration                   Charms/Necromancy            3
   e - Animate Dead                   Necromancy                   4
   f - Control Undead                 Necromancy                   4
Comestibles
 f - 5 bread rations
 i - 2 royal jellies
 l - 6 meat rations
 D - 30 fruits


   Skills:
 - Level 10.2 Fighting
 - Level 11.9 Axes
 + Level 9.1 Armour
 - Level 0.2 Dodging
 - Level 3.2 Shields
 + Level 6.7 Invocations


You had 9 spell levels left.
You didn't know any spells.

Dungeon Overview and Level Annotations

Branches:
Dungeon (10/15)            Temple (0/1) D:5
   Lair: D:8-11         Orc: D:9-12

Altars:
Cheibriados
Elyvilon
Hepliaklqana
Okawaru
Qazlal
Uskayaw
Xom
Yredelemnul
Zin

Shops:
D:7 *

Annotations:
D:10 Urug


Message History

You hit Urug. Lightning courses through Urug!
Urug is severely wounded.
Urug hits you but does no damage.
You are electrocuted!
You hit Urug.
Urug is almost dead.
Urug hits you with a scimitar of electrocution!
You slash Urug!
Urug is almost dead.
You closely miss Urug.
Urug is almost dead.
Urug hits you with a scimitar of electrocution.
You are electrocuted!
* * * LOW HITPOINT WARNING * * *
Your plate armour prevents you from hitting Urug.
Urug is almost dead.
Unknown command.
You hit Urug.
Urug is almost dead.
Urug hits you with a scimitar of electrocution!!
You die...

#. #.#### .###....
>....... ....#..?
........##### ##
.........†@.+ ...
.....##..o### ..#
.... +..#.###...#
.....#..........#
.........(......#
.≈.....<)..†......
.≈≈...........$...
.≈................
..........≈≈≈≈..?.


You could see Urug.

Vanquished Creatures
  A two-headed ogre (D:8)
  Psyche (D:8)
  2 hippogriffs (D:9)
  Menkaure (D:7)
  3 water moccasins
  A sky beast (D:8)
  A hornet zombie (D:9)
  3 ogres
  3 ice beasts
  A phantom (D:9)
  4 centaurs
  2 big kobolds (D:9)
  3 bullfrogs
  A water moccasin zombie (D:10)
  3 scorpions
  6 howler monkeys
  2 crimson imps
  A centaur zombie (D:8)
  A bullfrog zombie (D:6)
  4 hounds
  A quasit (D:7)
  8 orc wizards
  3 orc priests
  2 centaur skeletons
  A gnoll shaman (D:5)
  5 jellies
  Natasha (D:2)
  3 iguanas
  8 worker ants
  Ijyb (D:3)
  3 hound skeletons
  11 adders
  8 gnolls
  4 shadow imps
  An ooze (D:2)
  3 adder zombies
  3 adder skeletons
  5 worms
  5 dart slugs
  A leopard gecko (D:1)
  28 orcs
  6 giant cockroaches
  7 hobgoblins
  5 kobolds
  3 quokkas
  3 ball pythons
  7 bats
  11 frilled lizards
  10 goblins
  A leopard gecko zombie (D:6)
  8 rats
  A spectral orc (D:4)
211 creatures vanquished.

Notes
Turn   | Place    | Note
-------+----------+-------------------------------------------
     0 | D:1      | bfg the Hill Orc Fighter began the quest for the Orb.
     0 | D:1      | Reached XP level 1. HP: 19/19 MP: 1/1
    88 | D:1      | Reached skill level 3 in Axes
   209 | D:1      | Reached XP level 2. HP: 26/26 MP: 2/2
   598 | D:1      | Reached skill level 4 in Axes
   788 | D:1      | Reached XP level 3. HP: 29/31 MP: 3/3
  1309 | D:2      | Reached skill level 5 in Axes
  1381 | D:2      | Reached XP level 4. HP: 33/40 MP: 4/4
  1434 | D:2      | Found a faded altar of an unknown god.
  1623 | D:2      | Noticed Natasha
  1632 | D:2      | Killed Natasha
  1969 | D:2      | Reached XP level 5. HP: 24/47 MP: 5/5
  2375 | D:3      | Reached skill level 6 in Axes
  2517 | D:3      | Noticed Ijyb
  2545 | D:3      | Killed Ijyb
  3027 | D:4      | Reached skill level 5 in Fighting
  3030 | D:4      | Reached XP level 6. HP: 46/56 MP: 6/6
  3031 | D:4      | Reached skill level 7 in Axes
  3157 | D:4      | Found a basalt altar of Yredelemnul.
  3374 | D:4      | Reached skill level 8 in Axes
  3745 | D:4      | Reached XP level 7. HP: 54/62 MP: 7/7
  3761 | D:5      | Entered Level 5 of the Dungeon
  3996 | D:5      | Reached skill level 9 in Axes
  4123 | D:5      | Got a ripped robe
  4134 | D:5      | Identified the +2 robe of Paranoia {MR+ Str+3} (You found it on level 5 of the Dungeon)
  4353 | D:5      | Found a hazy altar of Hepliaklqana.
  4353 | D:5      | Found a hide-covered altar of Uskayaw.
  4355 | D:5      | Found a white marble altar of Elyvilon.
  4355 | D:5      | Found an iron altar of Okawaru.
  4371 | D:5      | Found a stormy altar of Qazlal.
  4379 | D:5      | Became a worshipper of Qazlal Stormbringer
  4546 | D:5      | Found a staircase to the Ecumenical Temple.
  4819 | D:6      | Reached skill level 10 in Axes
  4819 | D:6      | Reached XP level 8. HP: 26/71 MP: 8/8
  5447 | D:6      | Reached skill level 11 in Axes
  6272 | D:7      | Noticed Menkaure
  6359 | D:7      | Killed Menkaure
  6359 | D:7      | Reached XP level 9. HP: 54/82 MP: 9/9
  6743 | D:7      | Reached skill level 5 in Armour
  6823 | D:7      | Found a snail-covered altar of Cheibriados.
  7413 | D:7      | Found Pomisol's General Store.
  7421 | D:7      | Bought 2 throwing nets for 84 gold pieces
  7877 | D:8      | Reached * piety under Qazlal
  8039 | D:8      | Noticed Psyche
  8050 | D:8      | Killed Psyche
  8050 | D:8      | Reached skill level 10 in Fighting
  8652 | D:8      | Noticed a two-headed ogre
  8660 | D:8      | Killed a two-headed ogre
  8660 | D:8      | Reached XP level 10. HP: 93/93 MP: 9/13
  8796 | D:9      | Reached ** piety under Qazlal
  8821 | D:9      | Reached skill level 5 in Invocations
  8925 | D:9      | Noticed an angel
  8926 | D:9      | Found a shimmering altar of Xom.
  8926 | D:9      | Found a glowing silver altar of Zin.
  9439 | D:10     | Entered Level 10 of the Dungeon
  9460 | D:10     | Noticed Urug
  9489 | D:10     | Mangled by Urug

Vault maps used:
D:1:      saegor_arrival_simple_f
D:2:      chequers_ecumenical_altar_twisty, minmay_pentomino_p2, uniq_natasha
D:3:      uniq_ijyb
D:4:      yredelemnul_forgotten_temple_becter
D:5:      grunt_temple_overflow_open, minmay_temple_entry_enclosed_plants,
          first_bread
D:6:      minmay_misc_feat_five, grunt_ministairs_10
D:7:      marbit_many_paths, serial_shops, shop, minmay_door_square,
          uniq_menkaure
D:8:      uniq_psyche
D:9:      grunt_temple_overflow_order_and_chaos_1, blue_anna_alchemist
D:10:     grunt_decor_fettered, uniq_urug, uniq_fannar

Skill      XL: |  1  2  3  4  5  6  7  8  9 10 |
---------------+-------------------------------+-----
Axes           | 3 4 5 6 8 10 11 | 11.9
Fighting       | 4 5 6 8 10 | 10.2
Armour         | 4 7 9 |  9.1
Invocations    | 4 6 |  6.7
Dodging        | |  0.2
Shields        | |  3.2

Action                   |  1- 3 |  4- 6 |  7- 9 | 10-12 || total
-------------------------+-------+-------+-------+-------++-------
Melee: War axe           |   135 |   169 |   211 |       ||   515
       Unarmed           |       |    25 |       |       ||    25
       Hand axe          |       |       |   139 |   142 ||   281
Throw: Stone             |       |       |     2 |       ||     2
       Throwing net      |       |       |     2 |       ||     2
Evoke: Wand              |       |       |     1 |       ||     1
  Use: Scroll            |       |     4 |     5 |     8 ||    17
       Potion            |       |       |     6 |       ||     6
 Stab: Invisible         |       |       |     2 |       ||     2
  Eat: Chunk             |     2 |     6 |     4 |     2 ||    14
       Bread ration      |       |     1 |     2 |       ||     3
Armor: Scale mail        |    73 |    41 |       |       ||   114
       Plate armour      |       |    70 |   244 |    70 ||   384
Dodge: Dodged            |    71 |   100 |   100 |    25 ||   296
Block: Other             |       |       |     3 |    15 ||    18
